SKY
VIRGINIA BLACK BEARS @ FRESNO FALCONS
06/04/2052
 
TOP OF THE 1ST
Virginia Black Bears batting - Pitching for Fresno Falcons : LHP Hunter Wade
Pitching: LHP Hunter Wade
Batting: RHB José Rosendin 0-0: SINGLE (Line Drive, 8LS, EV 106.9 MPH)
Batting: RHB Rodd Marshall 0-0: Ball
1-0: Bunted foul
1-1: Sac Bunt to 15 - play at first, batter OUT! 1-3
José Rosendin to second
Batting: RHB Franklin Bailey 0-0: Ball
1-0: Ball
2-0: Called Strike
2-1: Ball
3-1: Called Strike
3-2: Fly out, F3 (Popup, 3F, EV 74.4 MPH)
Batting: LHB Reuben Brellana 0-0: Ball
1-0: Ball
2-0: Called Strike
2-1: SINGLE (Line Drive, 34D, EV 107.5 MPH)
José Rosendin to third
Runner from 3rd tries for Home, SAFE, throw by RF to home
Batting: RHB Peter McFadden 0-0: Swinging Strike
0-1: Ball
1-1: Foul Ball, location: 25F
1-2: Ball
2-2: Strikes out swinging
Top of the 1st over - 1 run, 2 hits, 0 errors, 1 left on base; Virginia 1 - Fresno 0
BOTTOM OF THE 1ST
Fresno Falcons batting - Pitching for Virginia Black Bears : RHP Yonelvy Herrera
Pitching: RHP Yonelvy Herrera
Batting: LHB Luca Flores 0-0: Ground out 2-3 (Groundball, 13S, EV 72.5 MPH)
Batting: RHB Zach Pryor 0-0: Fly out, F5 (Popup, 56, EV 59.4 MPH)
Batting: LHB Juan Oliu 0-0: Ball
1-0: Called Strike
1-1: Called Strike
1-2: Strikes out swinging, 2-3 out at first.
Bottom of the 1st over - 0 runs, 0 hits, 0 errors, 0 left on base; Virginia 1 - Fresno 0
TOP OF THE 2ND
Virginia Black Bears batting - Pitching for Fresno Falcons : LHP Hunter Wade
Batting: RHB Jay Maier 0-0: Ball
1-0: Foul Ball, location: 25F
1-1: Ball
2-1: Ball
3-1: Fly out, F8 (Flyball, 78M, EV 91.9 MPH)
Batting: RHB Marco Palma 0-0: Foul Ball, location: 2F
0-1: Ball
1-1: Foul Ball, location: 9LDF
1-2: Foul Ball, location: 3FF
1-2: Fly out, F8 (Line Drive, 8RD, EV 87.5 MPH)
Batting: RHB Jordan Christiansen 0-0: Foul Ball, location: 25FF
0-1: Ball
1-1: Fly out, F9 (Flyball, 9D, EV 86.9 MPH)
Top of the 2nd over - 0 runs, 0 hits, 0 errors, 0 left on base; Virginia 1 - Fresno 0
BOTTOM OF THE 2ND
Fresno Falcons batting - Pitching for Virginia Black Bears : RHP Yonelvy Herrera
Batting: RHB Apolo Tussey 0-0: Foul Ball, location: 2F
0-1: Fly out, F8 (Flyball, 8RD, EV 98.8 MPH)
Batting: RHB Pan Siena 0-0: Foul Ball, location: 25F
0-1: Called Strike
0-2: Ball
1-2: Ball
2-2: SINGLE (Groundball, 34D, EV 103.8 MPH)
Batting: RHB Eric Alvares 0-0: Called Strike
0-1: Ball
1-1: Ball
2-1: Swinging Strike
2-2: Fly out, F7 (Flyball, 7D, EV 99.4 MPH)
Batting: LHB Everett Hardin 0-0: Ball
1-0: Ball
2-0: Ball
3-0: Base on Balls
Pan Siena to second
Batting: SHB John Wheeler 0-0: Called Strike
0-1: Called Strike
0-2: Ball
1-2: Ball
2-2: Strikes out swinging
Bottom of the 2nd over - 0 runs, 1 hit, 0 errors, 2 left on base; Virginia 1 - Fresno 0
TOP OF THE 3RD
Virginia Black Bears batting - Pitching for Fresno Falcons : LHP Hunter Wade
Batting: RHB Celso Deida 0-0: Ball
1-0: Foul Ball, location: 3FF
1-1: Foul Ball, location: 7LDF
1-2: Strikes out swinging, 2-3 out at first.
Batting: RHB José Rosendin 0-0: Called Strike
0-1: Foul Ball, location: 2F
0-2: Foul Ball, location: 25FF
0-2: Ball
1-2: Foul Ball, location: 5F
1-2: Foul Ball, location: 9LSF
1-2: Ball
2-2: Ball
3-2: SINGLE (Groundball, 34D, EV 103.8 MPH)
Batting: RHB Rodd Marshall 0-0: Ball
1-0: Swinging Strike
1-1: Called Strike
1-2: Fly out, F8 (Flyball, 8LD, EV 101.3 MPH)
Batting: RHB Franklin Bailey 0-0: Called Strike
0-1: Ground out 5-3 (Groundball, 5S, EV 81.3 MPH)
Top of the 3rd over - 0 runs, 1 hit, 0 errors, 1 left on base; Virginia 1 - Fresno 0
BOTTOM OF THE 3RD
Fresno Falcons batting - Pitching for Virginia Black Bears : RHP Yonelvy Herrera
Batting: RHB José Ángel Ayon 0-0: Called Strike
0-1: Swinging Strike
0-2: Ball
1-2: Ball
2-2: Ball
3-2: Foul Ball, location: 25FF
3-2: Base on Balls
Batting: LHB Luca Flores 0-0: Bunt - Flyout to 13! F1
Batting: RHB Zach Pryor 0-0: Called Strike
0-1: Grounds into double play, 6-4-3 (Groundball, 6, EV 110.0 MPH)
Bottom of the 3rd over - 0 runs, 0 hits, 0 errors, 0 left on base; Virginia 1 - Fresno 0
TOP OF THE 4TH
Virginia Black Bears batting - Pitching for Fresno Falcons : LHP Hunter Wade
Batting: LHB Reuben Brellana 0-0: Called Strike
0-1: Ball
1-1: Swinging Strike
1-2: Strikes out swinging
Batting: RHB Peter McFadden 0-0: Called Strike
0-1: Ball
1-1: Ball
2-1: Fly out, F7 (Line Drive, 7S, EV 87.5 MPH)
Batting: RHB Jay Maier 0-0: Fly out, F4 (Popup, 4S, EV 69.4 MPH)
Top of the 4th over - 0 runs, 0 hits, 0 errors, 0 left on base; Virginia 1 - Fresno 0
BOTTOM OF THE 4TH
Fresno Falcons batting - Pitching for Virginia Black Bears : RHP Yonelvy Herrera
Batting: LHB Juan Oliu 0-0: Ball
1-0: Ground out U3 (Groundball, 3L, EV 103.8 MPH)
Batting: RHB Apolo Tussey 0-0: Ball
1-0: Ball
2-0: Called Strike
2-1: Foul Ball, location: 3DF
2-2: Ball
3-2: Strikes out swinging passed ball, reaches first!
Batting: RHB Pan Siena 0-0: Called Strike
0-1: Fly out, F4 (Flyball, 4D, EV 86.3 MPH)
Batting: RHB Eric Alvares 0-0: Fielders Choice at 2nd, 6-4 (Groundball, 6, EV 85.6 MPH)
Bottom of the 4th over - 0 runs, 0 hits, 0 errors, 1 left on base; Virginia 1 - Fresno 0
TOP OF THE 5TH
Virginia Black Bears batting - Pitching for Fresno Falcons : LHP Hunter Wade
Batting: RHB Marco Palma 0-0: Ball
1-0: Ball
2-0: Foul Ball, location: 9LMF
2-1: Foul Ball, location: 2LF
2-2: Reaches on Catchers interference
Batting: RHB Jordan Christiansen 0-0: Bunted foul
0-1: Ball
1-1: Ball
2-1: Sac Bunt to 15 - play at first, batter OUT! 1-3
Marco Palma to second
Batting: RHB Celso Deida 0-0: Called Strike
0-1: Called Strike
0-2: Ground out 6-3 (Groundball, 6M, EV 80.6 MPH)
Marco Palma to third
Batting: RHB José Rosendin 0-0: Ball
1-0: Ball
2-0: Swinging Strike
2-1: Fly out, F8 (Flyball, 8LM, EV 76.9 MPH)
Top of the 5th over - 0 runs, 0 hits, 1 error, 1 left on base; Virginia 1 - Fresno 0
BOTTOM OF THE 5TH
Fresno Falcons batting - Pitching for Virginia Black Bears : RHP Yonelvy Herrera
Batting: LHB Everett Hardin 0-0: Foul Ball, location: 5DF
0-1: Ball
1-1: Fly out, F7 (Flyball, 7, EV 97.5 MPH)
Batting: SHB John Wheeler 0-0: Foul Ball, location: 7LDF
0-1: Ball
1-1: Swinging Strike
1-2: Foul Ball, location: 7LSF
1-2: Strikes out looking
Batting: RHB José Ángel Ayon 0-0: Single, Error in OF, E7, batter to second base (Line Drive, 78S, EV 105.0 MPH)
Batting: LHB Luca Flores 0-0: Ball
1-0: Ground out 4-3 (Groundball, 4M, EV 88.8 MPH)
Bottom of the 5th over - 0 runs, 1 hit, 1 error, 1 left on base; Virginia 1 - Fresno 0
TOP OF THE 6TH
Virginia Black Bears batting - Pitching for Fresno Falcons : LHP Hunter Wade
Batting: RHB Rodd Marshall 0-0: Foul Ball, location: 2RF
0-1: Foul Ball, location: 5FF
0-2: Ball
1-2: Strikes out swinging
Batting: RHB Franklin Bailey 0-0: Ball
1-0: Ball
2-0: Foul Ball, location: 9LSF
2-1: SINGLE (Line Drive, 7S, EV 102.5 MPH)
Pitching: RHP Jared Bernath
Batting: LHB Reuben Brellana 0-0: Ball
1-0: Fielders Choice at 2nd, 4-6 (Groundball, 4M, EV 97.5 MPH)
Batting: RHB Peter McFadden 0-0: Called Strike
0-1: Called Strike
0-2: Foul Ball, location: 2F
0-2: Ball
1-2: Foul Ball, location: 5FF
1-2: Foul Ball, location: 3FF
1-2: Ball
2-2: Foul Ball, location: 9LSF
2-2: DOUBLE (Flyball, 8RXD, EV 93.8 MPH)
Reuben Brellana to third
Batting: RHB Jay Maier 0-0: Ball
1-0: SINGLE (Line Drive, 89M, EV 102.5 MPH)
Reuben Brellana scores
Peter McFadden to third
Runner from 3rd tries for Home, SAFE, throw by RF to home
Batting: RHB Marco Palma 0-0: Called Strike
Jay Maier is caught stealing 2nd base 2-4
Top of the 6th over - 2 runs, 3 hits, 0 errors, 0 left on base; Virginia 3 - Fresno 0
BOTTOM OF THE 6TH
Fresno Falcons batting - Pitching for Virginia Black Bears : RHP Yonelvy Herrera
Batting: RHB Zach Pryor 0-0: Ball
1-0: Swinging Strike
1-1: Fly out, F8 (Flyball, 8RD, EV 90.6 MPH)
Batting: LHB Juan Oliu 0-0: Ball
1-0: Called Strike
1-1: Fly out, F9 (Line Drive, 89D, EV 92.5 MPH)
Batting: RHB Apolo Tussey 0-0: Fly out, F9 (Flyball, 89M, EV 96.9 MPH)
Bottom of the 6th over - 0 runs, 0 hits, 0 errors, 0 left on base; Virginia 3 - Fresno 0
TOP OF THE 7TH
Virginia Black Bears batting - Pitching for Fresno Falcons : RHP Jared Bernath
Batting: RHB Marco Palma 0-0: Ball
1-0: Ground out 4-3 (Groundball, 4, EV 81.9 MPH)
Batting: RHB Jordan Christiansen 0-0: Ground out 6-3 (Groundball, 6, EV 86.9 MPH)
Pitching: LHP Gary Spears
Batting: RHB Celso Deida 0-0: TRIPLE (Line Drive, 89XD, EV 101.3 MPH)
Pitching: LHP Lincoln Kankkunnen
Batting: RHB José Rosendin 0-0: Ball
1-0: Fly out, F9 (Flyball, 89M, EV 98.8 MPH)
Top of the 7th over - 0 runs, 1 hit, 0 errors, 1 left on base; Virginia 3 - Fresno 0
BOTTOM OF THE 7TH
Fresno Falcons batting - Pitching for Virginia Black Bears : RHP Yonelvy Herrera
Batting: RHB Pan Siena 0-0: Hit by Pitch
Batting: RHB Eric Alvares 0-0: Fly out, F4 (Line Drive, 4, EV 70.0 MPH)
Batting: LHB Everett Hardin 0-0: Ball
1-0: Called Strike
1-1: Ball
2-1: Fly out, F8 (Flyball, 8LM, EV 91.9 MPH)
Batting: SHB John Wheeler 0-0: Foul Ball, location: 2F
0-1: Ball
1-1: Ball
2-1: Ground out U3 (Groundball, 3, EV 81.3 MPH)
Bottom of the 7th over - 0 runs, 0 hits, 0 errors, 1 left on base; Virginia 3 - Fresno 0
TOP OF THE 8TH
Virginia Black Bears batting - Pitching for Fresno Falcons : LHP Lincoln Kankkunnen
Batting: RHB Rodd Marshall 0-0: Fly out, F2 (Popup, 3SF, EV 80.0 MPH)
Batting: RHB Franklin Bailey 0-0: Ball
1-0: Ball
2-0: Fly out, F8 (Line Drive, 8LS, EV 96.3 MPH)
Batting: LHB Reuben Brellana 0-0: Called Strike
0-1: Called Strike
0-2: Ball
1-2: Strikes out swinging
Top of the 8th over - 0 runs, 0 hits, 0 errors, 0 left on base; Virginia 3 - Fresno 0
BOTTOM OF THE 8TH
Fresno Falcons batting - Pitching for Virginia Black Bears : RHP Yonelvy Herrera
Batting: RHB José Ángel Ayon 0-0: Ball
1-0: Called Strike
1-1: Fly out, F7 (Flyball, 78S, EV 93.8 MPH)
Batting: LHB Luca Flores 0-0: Ball
1-0: Ball
2-0: Ball
3-0: Base on Balls
Batting: RHB Zach Pryor 0-0: Ball
1-0: Grounds into double play, 5-4-3 (Groundball, 56, EV 105.0 MPH)
Bottom of the 8th over - 0 runs, 0 hits, 0 errors, 0 left on base; Virginia 3 - Fresno 0
TOP OF THE 9TH
Virginia Black Bears batting - Pitching for Fresno Falcons : LHP Lincoln Kankkunnen
Pitching: RHP Gregg Walters
Batting: RHB Peter McFadden 0-0: Swinging Strike
0-1: Called Strike
0-2: Ball
1-2: Ground out 5-3 (Groundball, 56S, EV 91.9 MPH)
Batting: RHB Jay Maier 0-0: Ball
1-0: Ball
2-0: Foul Ball, location: 2F
2-1: Ground out 6-3 (Groundball, 6MD, EV 101.9 MPH)
Batting: RHB Marco Palma 0-0: Ball
1-0: Called Strike
1-1: Ball
2-1: Foul Ball, location: 23F
2-2: Foul Ball, location: 2F
2-2: Strikes out swinging
Top of the 9th over - 0 runs, 0 hits, 0 errors, 0 left on base; Virginia 3 - Fresno 0
BOTTOM OF THE 9TH
Fresno Falcons batting - Pitching for Virginia Black Bears : RHP Yonelvy Herrera
Pitching: RHP R.J. Slaven
Batting: LHB Juan Oliu 0-0: Ball
1-0: Called Strike
1-1: Swinging Strike
1-2: Foul Ball, location: 3FF
1-2: Ball
2-2: SOLO HOME RUN (Flyball, 9D, EV 98.1 MPH), Distance : 379 ft
Batting: RHB Apolo Tussey 0-0: Ball
1-0: Foul Ball, location: 2F
1-1: Fly out, F3 (Popup, 34S, EV 76.3 MPH)
Batting: RHB Pan Siena 0-0: Ball
1-0: Ball
2-0: Ball
3-0: Base on Balls
Batting: RHB Eric Alvares 0-0: Ball
1-0: Ball
2-0: Fly out, F8 (Flyball, 8RM, EV 88.8 MPH)
Batting: LHB Everett Hardin 0-0: 2-RUN HOME RUN (Flyball, 9D, EV 92.5 MPH), Distance : 333 ft
Batting: SHB John Wheeler 0-0: Called Strike
0-1: Foul Ball, location: 5SF
0-2: Foul Ball, location: 9LSF
0-2: Strikes out swinging
Bottom of the 9th over - 3 runs, 2 hits, 0 errors, 0 left on base; Virginia 3 - Fresno 3
TOP OF THE 10TH
Virginia Black Bears batting - Pitching for Fresno Falcons : RHP Gregg Walters
Pinch Hitting: LHB Mike Fisher 0-0: Called Strike
0-1: Foul Ball, location: 9LSFF
0-2: Ball
1-2: Ball
2-2: Ball
3-2: SINGLE (Line Drive, 7S, EV 105.0 MPH)
Batting: RHB Celso Deida 0-0: Bunted foul
0-1: Sac Bunt to 2L - play at second, runner OUT! 2-6
Batting: RHB José Rosendin 0-0: Fly out, F7 (Flyball, 7LS, EV 92.5 MPH)
Pitching: RHP Mikel Rodriguez
Batting: RHB Rodd Marshall 0-0: Called Strike
Celso Deida steals 2nd base
0-1: Swinging Strike
0-2: Ball
1-2: Ground out 4-3 (Groundball, 34, EV 82.5 MPH)
Top of the 10th over - 0 runs, 1 hit, 0 errors, 1 left on base; Virginia 3 - Fresno 3
BOTTOM OF THE 10TH
Fresno Falcons batting - Pitching for Virginia Black Bears : RHP R.J. Slaven
Pitching: RHP Elijah Shrigley
Now at C: Steve Greco
Pinch Hitting: RHB Aryan Christopherson 0-0: Ball
1-0: Ball
2-0: Foul Ball, location: 2F
2-1: Called Strike
2-2: Ball
3-2: Strikes out swinging
Batting: LHB Luca Flores 0-0: Ball
1-0: Ball
2-0: Ball
3-0: Called Strike
3-1: Foul Ball, location: 5DF
3-2: SINGLE (Groundball, 34D, EV 106.3 MPH)
Batting: RHB Zach Pryor 0-0: Ball
1-0: Swinging Strike
1-1: DOUBLE (Line Drive, 7LM, EV 88.1 MPH)
Luca Flores to third
Batting: LHB Juan Oliu 0-0: Intentional Walk
Batting: RHB Apolo Tussey 0-0: Ball
1-0: Foul Ball, location: 5FF
1-1: Swinging Strike
1-2: Strikes out swinging
Batting: RHB Pan Siena 0-0: Ball
1-0: Called Strike
1-1: SINGLE (Line Drive, 7S, EV 99.4 MPH)
Luca Flores scores
Bottom of the 10th over - 1 run, 3 hits, 0 errors, 2 left on base; Virginia 3 - Fresno 4
Wednesday, April 24th , 2024 - OOTP Baseball 24.11 Build 85